 Dungeon Crawl Stone Soup version 0.17-a0-1617-gfba1302 (webtiles) character file.

3913 urechis the Basher (level 10, -13/114 HPs)
             Began as an Ogre Fighter on Aug 1, 2015.
             Was an Elder of Ru.
             Mangled by a three-headed hydra (15 damage)
             ... on level 8 of the Dungeon.
             The game lasted 00:19:46 (10441 turns).

urechis the Basher (Ogre Fighter)                  Turns: 10441, Time: 00:19:46

Health: -13/114    AC:  6    Str: 26    XL:     10   Next: 20%
Magic:  10/10      EV:  5    Int:  7    God:    Ru [****..]
Gold:   430        SH:  8    Dex:  9    Spells: 0 memorised, 9 levels left

rFire  . . .     SeeInvis .     a - +0 morningstar
rCold  . . .     Clarity  .     b - +0 robe
rNeg   . . .     SustAt   .     c - +0 shield
rPois  .         Gourm    .     n - +2 hat
rElec  .         Spirit   .     r - +0 cloak
rCorr  .         Warding  .     (gloves unavailable)
rMut   .         Stasis   .     (boots unavailable)
MR     +....                    (no amulet)
Stlth  +.........               (no ring)
                                (no ring)

@: exhausted, drained, somewhat resistant to hostile enchantments, very
unstealthy
A: unfitting armour, tough skin 1, inability to use devices, hated by all, slow
reflexes 1
a: Draw Out Power, Power Leap, Renounce Religion


You were on level 8 of the Dungeon.
You worshipped Ru.
Ru was greatly pleased with you.
You were not hungry.

You visited 2 branches of the dungeon, and saw 9 of its levels.
You also visited: Ossuary.

You collected 430 gold pieces.

Inventory:

Hand weapons
 a - a +0 morningstar (weapon)
Missiles
 p - 6 large rocks
 t - 11 tomahawks
 x - 5 poisoned needles
 G - 2 javelins (quivered)
 I - 7 silver javelins
Armour
 b - a +0 robe (worn)
 c - a +0 shield (worn)
 n - a +2 hat (worn)
 r - a +0 cloak (worn)
Scrolls
 f - 3 scrolls of blinking {unknown}
 g - 5 scrolls of noise {unknown}
 i - 4 scrolls of teleportation {unknown}
 j - 10 scrolls of identify {unknown}
 k - a scroll of magic mapping {unknown}
 m - a scroll of fear {unknown}
 q - 3 scrolls of fog {unknown}
 s - 3 scrolls of remove curse {unknown}
 u - 3 scrolls of recharging {unknown}
 y - a scroll of amnesia {unknown}
 C - a scroll of random uselessness {unknown}
 H - a scroll of torment {unknown}
 J - 2 scrolls of immolation {unknown}
 O - a scroll of enchant armour {unknown}
Potions
 e - a potion of might
 o - 5 potions of curing
 v - a potion of magic {unknown}
 w - a potion of flight {unknown}
 z - 2 potions of agility {unknown}
 A - 2 potions of cancellation {unknown}
 B - a potion of ambrosia {unknown}
 D - 2 potions of poison {unknown}
 E - 5 potions of degeneration {unknown}
 F - a potion of haste {unknown}
 L - 2 potions of berserk rage {unknown}
 M - a potion of invisibility {unknown}
 N - a potion of brilliance {unknown}
Comestibles
 d - 6 bread rations
 h - 8 meat rations
 K - 2 beef jerkies
 Q - 12 fruits
 R - 6 slices of pizza


   Skills:
 + Level 11.4(11.0) Fighting
 * Level 14.7(14.2) Maces & Flails
 - Level 2.6(2.3) Dodging
 - Level 2.6(2.3) Shields


You had 9 spell levels left.
You didn't know any spells.

Dungeon Overview and Level Annotations

Branches:
Dungeon (8/15)             Temple (1/1) D:5
   Lair: D:8-11

Altars:
Ashenzari
Cheibriados
Dithmenos
Elyvilon
Fedhas
Gozag
Kikubaaqudgha
Makhleb
Nemelex Xobeh
Okawaru
Qazlal
Ru
Sif Muna
Trog
Vehumet
Xom
Yredelemnul
Zin
The Shining One

Shops:
D:4 :   D:7 %

Annotations:
D:6 Alipheese's ghost, experienced NaFi


Innate Abilities, Weirdness & Mutations

You are too large for most types of armour.
You have tough skin (AC +1).
You cannot study or use magical devices.
You are hated by all.
You have somewhat slow reflexes. (-3 EV)


Message History

You hit the three-headed hydra.
The three-headed hydra is severely wounded.
The three-headed hydra is stunned by your will and fails to attack.
You puncture the three-headed hydra!
The three-headed hydra is severely wounded.
The three-headed hydra bites you!
* * * LOW HITPOINT WARNING * * *
The three-headed hydra bites you.
* * * LOW HITPOINT WARNING * * *
You block the three-headed hydra's attack.
The three-headed hydra is no longer blind.
As you open the door, it creaks loudly!
An ice beast and a skeleton come into view.
You hear a loud, deep croak!
You hear a screech!
The three-headed hydra bites you.
* * * LOW HITPOINT WARNING * * *
The three-headed hydra bites you!
* * * LOW HITPOINT WARNING * * *
The three-headed hydra bites you!
You die...

####
.Z....Y.
#...
#......#
#...
#......#
#... ......#
#... .....
#... ...
##.. #Z# #..
#@# #.. #D#
#.. #K# #..
#.# #.. #.#
########..
##########.#
#.......##
#..#.....#)#
#.......#
#..'....≈#.#
#.......#
#..'.P..(#†#
#.......##


You could see a three-headed hydra, an ice beast, a big kobold, a killer bee
zombie and a hound skeleton.

Vanquished Creatures
  2 yaks (D:8)
  2 ice beasts (D:8)
  A sky beast (D:6)
  2 ogres
  3 centaurs
  5 phantoms
  2 big kobolds (D:8)
  2 giant frogs
  2 scorpions
  10 wights
  2 giant frog zombies (Ossuary)
  2 bog bodies (Ossuary)
  2 crimson imps
  3 hounds
  A wasp zombie (D:7)
  Crazy Yiuf (D:3)
  4 orc priests
  4 centaur zombies
  A jelly (D:5)
  2 orc wizards
  4 gnoll shamans (D:3)
  6 worker ants
  2 sheep (D:8)
  3 killer bee zombies
  5 hound zombies (Ossuary)
  4 worker ant zombies (Ossuary)
  6 mummies (Ossuary)
  28 gnolls
  10 adders
  9 worms
  2 adder skeletons
  6 giant geckos
  24 orcs
  2 ball pythons
  12 bats
  4 giant cockroaches
  4 goblins
  9 hobgoblins
  3 quokkas
  A giant gecko skeleton (D:7)
  8 giant newts
  28 jackals
  A jackal skeleton (D:4)
  A jackal zombie (Ossuary)
  10 kobolds
  2 quokka skeletons
  2 quokka zombies
  5 rats
  A rat zombie (D:7)
255 creatures vanquished.

Vanquished Creatures (others)
  An orc priest (D:7)
  A plant (Ossuary)
2 creatures vanquished.

Grand Total: 257 creatures vanquished

Notes
Turn   | Place    | Note
--------------------------------------------------------------
     0 | D:1      | urechis the Ogre Fighter began the quest for the Orb.
     0 | D:1      | Reached XP level 1. HP: 24/24 MP: 1/1
   184 | D:1      | Reached XP level 2. HP: 32/32 MP: 2/2
   618 | D:1      | Reached XP level 3. HP: 40/40 MP: 3/3
   658 | D:1      | Found a shimmering altar of Xom.
  1392 | D:2      | Reached XP level 4. HP: 29/49 MP: 4/4
  1704 | D:2      | Reached skill level 5 in Maces & Flails
  1977 | D:3      | Found a bloodstained altar of Trog.
  1982 | D:3      | Found a sacrificial altar of Ru.
  1988 | D:3      | Reached skill level 5 in Fighting
  2015 | D:3      | Became a worshipper of Ru the Awakened
  2265 | D:3      | Reached XP level 5. HP: 13/57 MP: 5/5
  2571 | D:3      | Reached skill level 6 in Maces & Flails
  2844 | D:3      | Found a white marble altar of Elyvilon.
  3552 | D:3      | Reached XP level 6. HP: 56/67 MP: 6/6
  3555 | D:3      | Noticed an ogre
  3566 | D:3      | Killed an ogre
  3566 | D:3      | Reached skill level 7 in Maces & Flails
  3786 | D:3      | Gained mutation: You have somewhat slow reflexes. (-3 EV) [Ru sacrifice]
  3837 | D:3      | Reached XP level 7. HP: 34/76 MP: 7/7
  3920 | D:3      | Reached skill level 8 in Maces & Flails
  4594 | D:3      | Reached skill level 9 in Maces & Flails
  4664 | D:3      | Noticed Crazy Yiuf
  4667 | D:3      | Killed Crazy Yiuf
  5054 | D:4      | Reached XP level 8. HP: 74/88 MP: 8/8
  5171 | D:4      | Reached skill level 10 in Maces & Flails
  6364 | D:4      | Found Amuot's Book Boutique.
  6555 | D:5      | Entered Level 5 of the Dungeon
  6574 | D:5      | Gained mutation: You are hated by all. [Ru sacrifice]
  6574 | D:5      | Acquired Ru's first power
  6574 | D:5      | Acquired Ru's second power
  6614 | D:5      | Reached skill level 11 in Maces & Flails
  6742 | D:5      | Found a glowing golden altar of the Shining One.
  6814 | D:5      | Reached XP level 9. HP: 65/100 MP: 9/9
  7062 | D:5      | Found a staircase to the Ecumenical Temple.
  7366 | Temple   | Entered the Ecumenical Temple
  7460 | D:6      | Noticed Alipheese's ghost (experienced NaFi)
  7501 | D:6      | Reached skill level 12 in Maces & Flails
  7767 | D:6      | Found an iron altar of Okawaru.
  8297 | D:6      | Reached skill level 10 in Fighting
  8662 | D:6      | Reached skill level 13 in Maces & Flails
  9231 | D:7      | Found Tuamn's Food Shop.
  9331 | D:7      | Found a sand-covered staircase.
  9333 | D:7      | Gained mutation: You cannot study or use magical devices. [Ru sacrifice]
  9333 | D:7      | Acquired Ru's third power
  9333 | D:7      | Acquired Ru's fourth power
  9383 | Ossuary  | Entered an ossuary
  9862 | D:7      | Found a glowing silver altar of Zin.
  9863 | D:7      | Found an opulent altar of Gozag.
 10178 | D:8      | Reached skill level 14 in Maces & Flails
 10181 | D:8      | Reached XP level 10. HP: 109/113 MP: 10/10
 10406 | D:8      | Noticed a three-headed hydra
 10441 | D:8      | HP: 2/114 [three-headed hydra (9)]
 10441 | D:8      | Mangled by a three-headed hydra

Vault maps used:
D:1:      dpeg_arrival_water_altar
D:3:      lemuel_castle_with_subvaults, grunt_temple_overflow_open,
          elyvilon_altar_1, uniq_crazy_yiuf_cottage
D:4:      serial_shops, shop_statue
D:5:      kennysheep_mini_moat, minmay_temple_entry_purple_smoke, first_bread
D:6:      kennysheep_mini
D:7:      grunt_temple_overflow_gold_and_silver, enter_ossuary_4, serial_shops,
          shop
D:8:      hangedman_ranch, serial_bayou_pond_a, nicolae_alphabet_shops
Temple:   circular_temple_13
Ossuary:  ossuary_zaba_flooded

Action                   |  1- 3 |  4- 6 |  7- 9 | 10-12 || total
-------------------------+-------+-------+-------+-------++-------
Melee: Flail             |   152 |   198 |   458 |       ||   808
       Morningstar       |       |       |   149 |    52 ||   201
Throw: Javelin           |       |       |     5 |       ||     5
       Tomahawk          |       |       |    11 |       ||    11
Invok: Sacrifice Health  |       |     1 |       |       ||     1
       Sacrifice Love    |       |       |     1 |       ||     1
       Sacrifice Artific |       |       |     1 |       ||     1
       Draw Out Power    |       |       |       |     1 ||     1
  Use: Potion            |       |       |     2 |     1 ||     3
 Stab: Sleeping          |       |     1 |       |       ||     1
       Invisible         |       |       |     3 |     2 ||     5
       Distracted        |       |       |     2 |       ||     2
  Eat: Chunk             |     2 |     8 |    13 |       ||    23
       Bread ration      |       |       |     2 |       ||     2
